 Dungeon Crawl Stone Soup version 0.31.0-11-ge490571c62 (webtiles) character file.

Game seed: 11236209153259557345

52532 sanka the Brawler (level 13, -2/128 (137) HPs)
             Began as a Troll Monk on Jan 31, 2024.
             Was a High Priest of Ru.
             Slain by a deep troll earth mage (6 damage)
             ... on level 1 of the Depths.
             The game lasted 00:31:40 (16308 turns).

sanka the Brawler (Troll Monk)                     Turns: 16308, Time: 00:31:40

HP:   -2/128 (137)  AC: 15    Str: 22    XL:     13   Next: 27%
MP:   5/12          EV: 15    Int:  6    God:    Ru [*****.]
Gold: 945           SH:  0    Dex: 20    Spells: 12/12 levels left

rFire   . .          .
                       - Unarmed
rCold   . . .        (shield unavailable)
rNeg    . . .        F - +5 steam dragon scales
rPois   +            (helmet restricted)
rElec   .            E - +2 cloak {rPois}
rCorr   .            (gloves unavailable)
SInv    .            (boots unavailable)
Will    .....        (no amulet)
Stlth   ++           (ring unavailable)
HPRegen 1.21/turn    h - +6 ring of dexterity
MPRegen 0.13/turn

%: no passive effects
@: exhausted, drained
A: large, unfitting armour, claws 3, clumsy 1, regeneration 1, shaggy fur 1,
tough skin 1, missing a hand, inability to train armour, inexperienced 1
a: Renounce Religion, Draw Out Power, Power Leap, Apocalypse


You were on level 1 of the Depths.
You worshipped Ru.
Ru was extremely pleased with you.
You visited 3 branches of the dungeon, and saw 17 of its levels.
You also visited: Bailey.

You collected 945 gold pieces.


Innate Abilities, Weirdness & Mutations

You are too large for most types of armour.
You have claws for hands.
You are clumsy. (Dex -2)
Your natural rate of healing is unusually fast.
You are covered in fur. (AC +1)
You have tough skin. (AC +1)
You are missing a hand.
You cannot train Armour skill.
You are somewhat inexperienced. (-1 XL)


   Skills:
 + Level 11.5 Fighting
 + Level 8.7 Dodging
 * Level 16.7 Unarmed Combat
 + Level 9.1 Shapeshifting


You had 12 spell levels left.
You didn't know any spells.
Your spell library contained the following spells:

 Spells                   Type           Power      Damage    Failure   Level
 Lesser Beckoning         Tloc           0%         N/A       58%         2
 Static Discharge         Conj/Air       0%         3-3/arc   58%         2
 Dazzling Flash           Conj/Hex       0%         N/A       83%         3
 Gell's Gravitas          Tloc           0%         N/A       83%         3
 Mephitic Cloud           Conj/Alch/Air  0%         N/A       83%         3
 Teleport Other           Tloc           0%         N/A       83%         3
 Volatile Blastmotes      Fire/Tloc      0%         2d10      83%         3
 Airstrike                Air            0%         2d(0-16)  99%         4
 Animate Dead             Necr           0%         N/A       99%         4
 Martyr's Knell           Necr/Summ      0%         N/A       99%         4
 Summon Lightning Spire   Summ/Air       0%         N/A       99%         4
 Curse of Agony           Necr           0%         N/A       100%        5
 Iskenderun's Battlesphe  Conj           0%         2d6       100%        5
 Metabolic Englaciation   Hex/Ice        0%         N/A       100%        5
 Silence                  Hex/Air        0%         N/A       100%        5
 Bombard                  Conj/Erth      0%         9d1       100%        6
 Starburst                Conj/Fire      0%         6d3       100%        6
 Haunt                    Necr/Summ      0%         N/A       100%        7
 Spellforged Servitor     Conj/Summ      0%         N/A       100%        7
 Maxwell's Capacitive Co  Air            0%         ∞         100%        8

Inventory:

Hand Weapons
 d - a +3 scimitar of flaming
Missiles
 D - 5 curare-tipped darts {=f}
 K - 27 large rocks {=f}
Armour
 E - a +2 cloak of poison resistance (worn)
 F - +5 steam dragon scales (worn)
Jewellery
 h - a +6 ring of dexterity (right claw)
 A - a ring of positive energy
 J - a ring of protection from fire
 M - a ring of protection from cold
Talismans
 c - the granite talisman "Caimur" {Will- Int+2 Dex+2}

   [granite talisman]

   Int+2:     It affects your intelligence (+2).
   Dex+2:     It affects your dexterity (+2).
   Will-:     It decreases your willpower.
 N - a maw talisman
Wands
 a - a wand of roots (13)
 v - a wand of charming (2)
 w - a wand of quicksilver (27)
Scrolls
 k - 4 scrolls of blinking
 m - 7 scrolls of enchant weapon
 n - 4 scrolls of fog
 o - 2 scrolls of immolation {!r}
 p - 5 scrolls of vulnerability {!r}
 q - 2 scrolls of fear
 r - 2 scrolls of butterflies
 s - 5 scrolls of teleportation {@r4}
 t - 2 scrolls of revelation
 y - 3 scrolls of silence {!r}
 G - a scroll of identify {@r1}
 L - 3 scrolls of poison
 O - a scroll of brand weapon
Potions
 b - a potion of ambrosia
 e - 7 potions of heal wounds {@q2}
 f - 3 potions of magic {unknown}
 g - 5 potions of lignification {!q}
 i - 6 potions of haste {unknown}
 j - a potion of mutation {unknown}
 l - 2 potions of degeneration {unknown}
 u - 2 potions of might {unknown}
 x - 6 potions of curing {@q1}
 z - a potion of invisibility
 B - a potion of brilliance {unknown}
 C - 2 potions of enlightenment {unknown}
 H - a potion of resistance {unknown}
 I - 5 potions of attraction {unknown}

Dungeon Overview and Level Annotations

Branches:
Dungeon (15/15)            Temple (1/1) D:5            Lair (0/5) D:8
    Orc (0/2) D:12         Vaults (0/5) D:14         Depths (1/4) D:15
 Bailey (visited)

Altars:
Ashenzari
Cheibriados
Dithmenos
Elyvilon
Fedhas
Gozag
Hepliaklqana
Kikubaaqudgha
Makhleb
Nemelex Xobeh
Okawaru
Qazlal
Ru
Sif Muna
Trog
Uskayaw
Vehumet
Wu Jian
Xom
Yredelemnul
Zin
The Shining One

Shops:
D:4 *   D:6 [   D:7 (   D:13 *   D:14 *

Portals:
Trove: D:12 (show abyssal rune of Zot)

Annotations:
D:8 exclusion: downstairs
D:12 exclusion: downstairs

T▒ +▒ ..▒ .▒ ▒ .T.▒
.▒▒.▒ ▒.T▒ ...
▒▒..▒▒▒▒.▒
+...T...(▒
▒▒▒▒.TT▒▒▒ ▒▒uu▒
▒▒▒▒▒▒†▒▒▒
+.....†..▒
▒▒▒▒▒▒.▒.▒ ▒....▒
▒.▒▒.'..Lu...▒▒▒▒
▒.▒▒▒▒...........▒+
▒.▒ ...........▒_


You could see a cyan very ugly thing, a white ugly thing, a deep troll, 2 deep
troll earth magi and 2 deep troll shamans.


Message History

A cyan very ugly thing comes into view.
You scratch the white ugly thing but do no damage.
You are no longer corroded.
The deep troll shaman begins to pray, but is stunned by your conviction!
The deep troll earth mage begins to cast a spell, but is stunned by your conviction!
Unknown command.
You closely miss the cyan very ugly thing.
The deep troll shaman begins to pray, but is stunned by your conviction!
The deep troll earth mage casts a spell next to you.
The wall shatters!
The blast of rock fragments hits you but does no damage.
A deep troll comes into view.
The deep troll earth mage barely misses you.
The deep troll earth mage claws you but does no damage.
The deep troll earth mage claws you but does no damage.
You hear a horrible gurgling sound!
You hear a shout!
Unknown command.
Unknown command.
You hear a horrible gurgling sound!
The cyan very ugly thing attacks as it pursues you!
The cyan very ugly thing headbutts you but does no damage.
The white ugly thing tentacle-slaps you.
* * * LOW HITPOINT WARNING * * *
The white ugly thing freezes you!!
* * * LOW HITPOINT WARNING * * *
The deep troll earth mage bites you!
* * * LOW HITPOINT WARNING * * *
The deep troll earth mage claws you.
You die...

Action                     |  1- 3 |  4- 6 |  7- 9 | 10-12 | 13-15 || total
---------------------------+-------+-------+-------+-------+-------++-------
  Melee: Unarmed           |    55 |   162 |   253 |   709 |   409 ||  1588
 Invoke: Sacrifice a Hand  |       |       |     1 |       |       ||     1
         Sacrifice Durabil |       |       |       |     1 |       ||     1
         Reject Sacrifices |       |       |       |     1 |       ||     1
         Apocalypse        |       |       |       |     1 |     4 ||     5
         Sacrifice Purity  |       |       |       |     1 |       ||     1
         Sacrifice Experie |       |       |       |       |     1 ||     1
  Evoke: Wand              |       |       |       |     6 |     3 ||     9
    Use: Scroll            |       |       |       |    14 |     3 ||    17
         Potion            |       |       |       |     4 |     2 ||     6
   Stab: Invisible         |       |       |     3 |     7 |    19 ||    29
         Sleeping          |       |       |     1 |     3 |       ||     4
         Distracted        |       |       |       |     3 |     4 ||     7
         Paralysed         |       |       |       |     3 |     8 ||    11
 Armour: Robe              |    29 |    96 |   159 |       |       ||   284
         Steam dragon scal |       |       |     3 |   501 |   249 ||   753
         Skin              |       |       |       |    10 |     1 ||    11
  Dodge: Dodged            |    23 |    68 |   129 |   480 |   201 ||   901
         Form:             |       |       |       |       |     1 ||     1
         Statue            |       |       |       |       |     1 ||     1

Levels and vault maps discovered:
D:1:      amcnicky_arrival_double_pillar, layout_basic, grunt_decor_one_mirror,
          nicolae_twisty_statue_hallways
D:2:      layout_rooms, kennysheep_generic_room_13, uniq_jessica
D:3:      minmay_thinvault, layout_basic, grunt_dithmenos_smoke_and_mirrors
D:4:      layout_basic, nicolae_overflow_two_pavilions, kennysheep_little_box,
          serial_shops, nicolae_shop_tiny_glass, uniq_robin, uniq_sigmund
D:5:      layout_rooms, minmay_temple_entry_large_hall
D:6:      layout_loops_corners, serial_shops, shop, minivault_11, uniq_eustachio
D:7:      layout_basic, mainiacjoe_overflow_six_doors_small,
          mainiacjoe_overflow_alcove_2, serial_shops,
          nicolae_shop_temple_entry_statues_fountains, grunt_ministairs_9,
          minivault_25, uniq_pikel, uniq_maggie, uniq_maurice, uniq_jeremiah
D:8:      layout_rooms, dpeg_oklobed_lair, serial_corexii_hall,
          corexii_hall_statues_l, corexii_hall_statues_x, uniq_amaemon
D:9:      layout_gridville
D:10:     layout_layer_cave, enter_bailey_3, kennysheep_potato, uniq_sonja
D:11:     layout_cave_pools, serial_glass, glass_columns_b, glass_columns_a,
          glass_columns_a, glass_columns_b, glass_columns_a, glass_columns_a,
          glass_columns_a, glass_columns_a, nicolae_twisting_strands,
          onia_ninara_dug_in_and_dangerous
D:12:     layout_cave_pods, hiddenorc2_lemuel, nicolae_trove_entry_crossroad
D:13:     layout_roguey, nicolae_shop_fire_sale [nicolae_sub_dead_trees],
          grunt_gozag_statues, uniq_rupert
D:14:     layout_grid_maze, david_vaults_2, nicolae_wwwww, guppyfry_shop_blood,
          uniq_nessos, uniq_azrael, uniq_snorg
D:15:     hangedman_depths_entry_try_elsewhere_first, layout_irregular_city,
          hangedman_abyss_or_decor_slice, uniq_roxanne, uniq_kirke
Temple:   nicolae_temple_superstar
Depths:1: grunt_house_of_mirrors, layout_gridlike, pf_dread_powers_of_hell,
          ashenzari_conservatory_becter

Notes
Turn   | Place    | Note
-------+----------+-------------------------------------------
     0 | D:1      | sanka the Troll Monk began the quest for the Orb.
     0 | D:1      | Reached XP level 1. HP: 22/22 MP: 0/0
    43 | D:1      | Reached XP level 2. HP: 29/29 MP: 1/1
   440 | D:1      | Reached skill level 3 in Fighting
   556 | D:2      | Reached XP level 3. HP: 37/37 MP: 2/2
   564 | D:2      | Noticed Jessica
   572 | D:2      | Killed Jessica
   573 | D:2      | Reached skill level 4 in Unarmed Combat
   575 | D:2      | Identified the staff "Bugiwai" {rPois rC+ rCorr Dex-2 Ice}
   828 | D:2      | Reached XP level 4. HP: 45/45 MP: 3/3
   996 | D:3      | Found a shadowy altar of Dithmenos.
  1345 | D:3      | Reached skill level 5 in Unarmed Combat
  1905 | D:4      | Reached XP level 5. HP: 52/53 MP: 4/4
  2127 | D:4      | Reached skill level 6 in Unarmed Combat
  2155 | D:4      | Noticed Robin
  2169 | D:4      | Killed Robin
  2199 | D:4      | Found Efrosul's Assorted Antiques.
  2213 | D:4      | Noticed Sigmund
  2230 | D:4      | Killed Sigmund
  2231 | D:4      | Reached skill level 7 in Unarmed Combat
  2231 | D:4      | Reached XP level 6. HP: 58/61 MP: 5/5
  2336 | D:4      | Found a shimmering altar of Xom.
  2541 | D:4      | Found a glowing golden altar of the Shining One.
  2541 | D:4      | Found an ancient bone altar of Kikubaaqudgha.
  2779 | D:5      | Entered Level 5 of the Dungeon
  2814 | D:5      | Reached XP level 7. HP: 67/67 MP: 6/6
  2872 | D:5      | Found a staircase to the Ecumenical Temple.
  2895 | Temple   | Entered the Ecumenical Temple
  2907 | Temple   | Became a worshipper of Ru the Awakened
  2919 | Temple   | Gained mutation: You are missing a hand. [Ru sacrifice]
  2919 | Temple   | Reached * piety under Ru
  2919 | Temple   | Reached ** piety under Ru
  2919 | Temple   | Reached *** piety under Ru
  3101 | D:5      | Reached skill level 8 in Unarmed Combat
  3589 | D:6      | Reached skill level 9 in Unarmed Combat
  3596 | D:6      | Found Waobywk's Armour Emporium.
  3644 | D:6      | Noticed Eustachio
  3680 | D:6      | Killed Eustachio
  3681 | D:6      | Reached XP level 8. HP: 53/75 MP: 7/7
  4402 | D:7      | Reached skill level 10 in Unarmed Combat
  4486 | D:7      | Noticed Jeremiah
  4493 | D:7      | Reached skill level 4 in Fighting
  4538 | D:7      | Killed Jeremiah
  4539 | D:7      | Reached skill level 5 in Fighting
  4580 | D:7      | Noticed a hornet
  4674 | D:7      | Reached skill level 6 in Fighting
  4681 | D:7      | Reached XP level 9. HP: 81/92 MP: 8/8
  4768 | D:7      | Reached skill level 7 in Fighting
  4925 | D:6      | Reached skill level 8 in Fighting
  5026 | D:7      | Reached skill level 1 in Shapeshifting
  5116 | D:7      | Found Ruhemy's Antique Weapon Emporium.
  5168 | D:7      | Identified +0 steam dragon scales
  5168 | D:7      | Noticed Maggie
  5175 | D:7      | Killed Maggie
  5176 | D:7      | Reached skill level 3 in Dodging
  5176 | D:7      | Reached skill level 2 in Shapeshifting
  5308 | D:7      | Noticed Pikel
  5390 | D:7      | Found a radiant altar of Vehumet.
  5501 | D:7      | Noticed Maurice
  5511 | D:7      | Maurice stole the staff "Bugiwai" {rPois rC+ rCorr Dex-2
                  | Ice}
  5520 | D:7      | Killed Maurice
  5521 | D:7      | Reached XP level 10. HP: 94/105 MP: 9/9
  5538 | D:7      | Found a hide-covered altar of Uskayaw.
  5681 | D:8      | Noticed Amaemon
  5696 | D:8      | Killed Amaemon
  5697 | D:8      | Reached skill level 11 in Unarmed Combat
  5707 | D:8      | Noticed an orange demon
  5721 | D:8      | Killed an orange demon
  5722 | D:8      | Reached skill level 3 in Shapeshifting
  5797 | D:8      | Gained mutation: You cannot train Armour skill. [Ru
                  | sacrifice]
  5797 | D:8      | Reached **** piety under Ru
  5899 | D:8      | Reached skill level 4 in Dodging
  6058 | D:8      | Found a staircase to the Lair.
  6597 | D:9      | Reached skill level 4 in Shapeshifting
  6888 | D:9      | Reached skill level 12 in Unarmed Combat
  6923 | D:9      | Reached skill level 9 in Fighting
  7371 | D:10     | Entered Level 10 of the Dungeon
  7384 | D:10     | Noticed Sonja
  7403 | D:9      | Reached XP level 11. HP: 16/115 MP: 10/10
  7526 | D:10     | Sonja changed into Sonja the human
  7526 | D:10     | Noticed Sonja
  7539 | D:10     | Killed Sonja the human
  7621 | D:10     | Found a flagged portal.
  7633 | Bailey   | Entered a bailey
  7875 | Bailey   | Noticed an orc knight
  7933 | Bailey   | Killed an orc knight
  7934 | Bailey   | Reached skill level 5 in Dodging
  8005 | Bailey   | Noticed an orc knight
  8039 | Bailey   | Killed an orc knight
  9096 | D:11     | Reached skill level 5 in Shapeshifting
  9216 | D:11     | Noticed a two-headed ogre
  9240 | D:11     | Noticed a two-headed ogre
  9252 | D:11     | Killed a two-headed ogre
  9328 | D:11     | Reached skill level 13 in Unarmed Combat
  9511 | D:11     | Noticed a two-headed ogre
  9511 | D:11     | Noticed a two-headed ogre
  9515 | D:11     | Killed a two-headed ogre
  9520 | D:11     | Killed a two-headed ogre
  9859 | D:12     | Reached skill level 6 in Dodging
  9968 | D:12     | Reached skill level 6 in Shapeshifting
  9987 | D:12     | Found a staircase to the Orcish Mines.
  9988 | D:12     | Noticed a boulder beetle
 10022 | D:12     | Reached XP level 12. HP: 126/126 MP: 11/11
 10040 | D:12     | Killed a boulder beetle
 10389 | D:12     | Found a portal to a secret trove of treasure.
 10394 | D:12     | Noticed a boulder beetle
 10441 | D:12     | Killed a boulder beetle
 10837 | D:14     | Noticed a two-headed ogre
 10846 | D:14     | Killed a two-headed ogre
 10847 | D:14     | Reached skill level 10 in Fighting
 10852 | D:14     | Noticed a rakshasa
 10858 | D:14     | Gained mutation: You are clumsy. (Dex -2) [Ru sacrifice]
 10858 | D:14     | Reached ***** piety under Ru
 10870 | D:14     | Killed a rakshasa
 10871 | D:14     | Reached skill level 14 in Unarmed Combat
 11046 | D:14     | Found Bagej's Blood Bar.
 11068 | D:14     | Noticed a tengu warrior
 11099 | D:14     | Killed a tengu warrior
 11183 | D:14     | Found a gate to the Vaults.
 11206 | D:13     | Found Leoblat's Fire Supplies.
 11273 | D:13     | Noticed a fire dragon
 11291 | D:13     | Killed a fire dragon
 11388 | D:13     | Noticed Rupert
 11393 | D:13     | Found an opulent altar of Gozag.
 11396 | D:13     | Killed Rupert
 11397 | D:13     | Reached skill level 7 in Dodging
 11397 | D:13     | Reached skill level 7 in Shapeshifting
 11593 | D:13     | Noticed a boulder beetle
 11615 | D:13     | Killed a boulder beetle
 11673 | D:13     | Reached skill level 15 in Unarmed Combat
 11673 | D:13     | Reached XP level 13. HP: 59/135 MP: 12/12
 12330 | D:14     | Noticed Azrael
 12351 | D:14     | Killed Azrael
 12748 | D:14     | Noticed Snorg
 12758 | D:14     | Killed Snorg
 12813 | D:14     | Noticed Nessos
 12817 | D:14     | Nessos changed into Nessos the troll
 12817 | D:14     | Noticed Nessos
 12831 | D:14     | Killed Nessos the troll
 12834 | D:14     | Reached skill level 8 in Shapeshifting
 13126 | D:15     | Entered Level 15 of the Dungeon
 13409 | D:15     | Reached skill level 11 in Fighting
 13557 | D:15     | Found a staircase to the Depths.
 13580 | D:15     | Identified the granite talisman "Caimur" {Will- Int+2
                  | Dex+2}
 13580 | D:15     | Noticed Roxanne
 13697 | D:15     | Reached skill level 8 in Dodging
 13797 | D:15     | Noticed Kirke
 13900 | D:15     | Killed Kirke
 13901 | D:15     | Reached skill level 16 in Unarmed Combat
 14000 | D:15     | Got the Vellum of Baleful Nightshade
 14749 | D:15     | Killed Roxanne
 14907 | D:15     | Reached XP level 14. HP: 115/136 MP: 13/13
 15160 | D:7      | Killed Pikel
 15194 | D:7      | Found Ruhemy's Antique Weapon Emporium.
 15335 | D:7      | Found a radiant altar of Vehumet.
 15476 | D:7      | Identified the +6 quarterstaff "Nideega" {freeze, rN+
                  | Int+4}
 15645 | D:7      | Found a hide-covered altar of Uskayaw.
 15897 | Depths:1 | Entered Level 1 of the Depths
 15898 | Depths:1 | Gained mutation: You are somewhat inexperienced. (-1 XL)
                  | [Ru sacrifice]
 15898 | Depths:1 | Reached XP level 13. HP: 128/128 MP: 12/12
 15920 | Depths:1 | Found a broken altar of Ashenzari.
 16016 | Depths:1 | Noticed a stone giant
 16024 | Depths:1 | Killed a stone giant
 16217 | Depths:1 | Reached skill level 9 in Shapeshifting
 16261 | Depths:1 | Noticed a lich
 16279 | Depths:1 | Noticed a brown very ugly thing
 16280 | Depths:1 | Killed a lich
 16280 | Depths:1 | Noticed a brown very ugly thing
 16296 | Depths:1 | Killed a cyan very ugly thing
 16304 | Depths:1 | Killed a white very ugly thing
 16305 | Depths:1 | Noticed a cyan very ugly thing
 16308 | Depths:1 | HP: 4/128 [deep troll earth mage (16)]
 16308 | Depths:1 | Slain by a deep troll earth mage

Vanquished Creatures
  Rupert (D:13)
  A lich (Depths:1)
  Kirke (D:15)
  Roxanne (D:15)
  A stone giant (Depths:1)
  2 very ugly things (Depths:1)
  Azrael (D:14)
  Snorg (D:14)
  A fire dragon (D:13)
  4 two-headed ogres
  2 centaur warriors
  A tengu warrior (D:14)
  5 boulder beetles
  A deep troll earth mage (Depths:1)
  A shock serpent (shapeshifter) (D:15)
  A salamander mystic (D:15)
  An iron troll (Depths:1)
  Amaemon (D:8)
  A deep troll (Depths:1)
  A flayed ghost (Depths:1)
  4 arcanists
  3 orc knights
  2 deep elf pyromancers
  2 wolf spiders (D:15)
  Pikel (D:7)
  Maurice (D:7)
  4 cyclopes
  6 ugly things
  5 manticores
  3 meliai (D:15)
  An orange demon (D:8)
  Maggie (D:7)
  5 kobold demonologists (D:13)
  An unseen horror (D:12)
  Jeremiah (D:7)
  An efreet (D:13)
  A komodo dragon (D:9)
  A tengu conjurer (D:14)
  6 trolls
  A hornet (D:7)
  23 slime creatures
  Sigmund (D:4)
  A centaur simulacrum (D:14)
  A wyvern (D:8)
  2 vampires (D:14)
  20 yaks
  2 wraiths
  Eustachio (D:6)
  A basilisk (D:14)
  2 fire elementals (D:14)
  2 hogs (D:15)
  A human (D:10)
  A steam dragon (D:9)
  10 vampire mosquitoes
  3 hell hounds (D:14)
  2 water moccasins
  5 acid dragons
  12 orc warriors
  A sky beast (D:7)
  2 laughing skulls (D:15)
  A black bear (D:8)
  An ogre (D:7)
  5 boggarts (D:15)
  5 centaurs
  2 lemures
  A phantom (D:7)
  2 kobold brigands
  3 bullfrogs
  2 scorpions
  A gnoll sergeant (D:9)
  7 killer bees
  3 howler monkeys
  A lava snake (D:10)
  5 gnoll boudas
  A bombardier beetle (D:6)
  4 hounds
  2 jellies
  4 orc priests
  Jessica (D:2)
  3 iguanas
  11 orc wizards
  Robin (D:4)
  27 gnolls
  4 adders
  2 dart slugs
  2 ribbon worms
  103 orcs
  5 ball pythons
  5 endoplasms
  8 giant cockroaches
  16 goblins
  12 hobgoblins
  2 jackals (D:1)
  3 quokkas
  4 bats
  3 frilled lizards
  19 kobolds
  7 rats
460 creatures vanquished.

Vanquished Creatures (others)
  A rakshasa (D:14)
  An iron troll (D:15)
  An orc (D:10)
3 creatures vanquished.

Grand Total: 463 creatures vanquished
